 Dungeon Crawl Stone Soup version 0.25-a0-516-g7d600cd9ad (webtiles) character file.

Game seed: 4830031801484651931, levelgen mode: deterministic

247 Emblim88 the Slasher (level 5, 0/27 HPs)
             Began as a Spriggan Berserker on Feb 17, 2020.
             Was a Believer of Trog.
             Succumbed to an adder's poison
             ... on level 3 of the Dungeon.
             The game lasted 00:03:33 (2833 turns).

Emblim88 the Slasher (Spriggan Berserker)           Turns: 2833, Time: 00:03:34

Health: 0/27       AC:  2    Str: 13    XL:     5   Next: 85%
Magic:  15/15      EV: 20    Int:  9    God:    Trog [**....]
Gold:   112        SH:  0    Dex: 20    Spells: 4/4 levels left

rFire    . . .     SeeInvis +   a - +0 falchion
rCold    . . .     Gourm    .   (shield restricted)
rNeg     . . .     Faith    .   b - +0 animal skin
rPois    .         Spirit   .   (helmet restricted)
rElec    .         Reflect  .   (no cloak)
rCorr    .         Harm     .   (gloves unavailable)
MR       .....                  (boots unavailable)
Stlth    ++........             (no amulet)
HPRegen  0.09/turn              f - ring of magical power
MPRegen  0.14/turn              h - +4 ring of dexterity

@: lethally poisoned (0 -> -6), berserk cooldown, slowed, quick
A: very small, unfitting armour, see invisible, herbivore, speed 3, slow
metabolism 2
a: Berserk, Trog's Hand, Renounce Religion


You were on level 3 of the Dungeon.
You worshipped Trog.
Trog was pleased with you.
You were hungry.

You visited 1 branch of the dungeon, and saw 3 of its levels.

You collected 112 gold pieces.

Inventory:

Hand Weapons
 a - a +0 falchion (weapon)
 i - a +0 short sword of electrocution
Armour
 b - a +0 animal skin (worn)
Jewellery
 f - a ring of magical power (left hand)
 h - a +4 ring of dexterity (right hand)
Wands
 j - a wand of digging (6)
Scrolls
 d - 5 scrolls of remove curse {unknown}
 e - a scroll of random uselessness {unknown}
 g - 2 scrolls of teleportation {unknown}
 k - a scroll of identify {unknown}
Potions
 l - a potion of curing {unknown}
 m - a potion of lignification {unknown}
Comestibles
 c - a ration


   Skills:
 - Level 2.4 Fighting
 + Level 5.5 Long Blades
 - Level 4.4 Dodging


You had 4 spell levels left.
You didn't know any spells.
Your spell library was empty.

Dungeon Overview and Level Annotations

Branches:
Dungeon (2/15)

Altars:
Gozag

Shops:
D:2 *


Innate Abilities, Weirdness & Mutations

You are very small and have problems with some larger weapons.
You are too small for most types of armour.
You have supernaturally acute eyesight. (SInv)
You are a herbivore.
You cover ground extremely quickly.
You need to consume almost no food.


Message History

The bat hits you.
* * * LOW HITPOINT WARNING * * *
You slash the bat!
You kill the bat!
Trog accepts your kill.
* * * LOW HITPOINT WARNING * * *
You feel sick.
There is a lethal amount of poison in your body!
You feel a strong urge to attack something.
There is a lethal amount of poison in your body!
There is a lethal amount of poison in your body!
There is a lethal amount of poison in your body!
You feel your anger nearly subside.
You are no longer berserk.
You are exhausted.
You feel yourself slow down.
* * * LOW HITPOINT WARNING * * *
You feel sick.
Things that are here:
a +0 club; a hobgoblin corpse You die...

#.# #.# #.# #.# #.#
##$.....# #.#
........##
#.##########......(..
#...>......#....$..##
##########@#.........
#)#..?....#
#.#†).....#
#.#.......#
#...........
###.........
##.####### ###


There were no monsters in sight!

Vanquished Creatures
  A bullfrog (D:2)
  Terence (D:3)
  A worker ant (D:2)
  3 gnolls (D:2)
  5 adders
  4 worms
  3 leopard geckos
  An orc (D:3)
  5 bats
  2 giant cockroaches (D:2)
  5 goblins
  5 hobgoblins
  2 jackals (D:1)
  3 quokkas (D:2)
  2 ball pythons
  5 frilled lizards
  2 kobolds (D:2)
  6 rats
56 creatures vanquished.

Notes
Turn   | Place    | Note
-------+----------+-------------------------------------------
     0 | D:1      | Emblim88 the Spriggan Berserker began the quest for the
                  | Orb.
     0 | D:1      | Reached XP level 1. HP: 11/11 MP: 2/2
   253 | D:1      | Reached XP level 2. HP: 15/16 MP: 3/3
   273 | D:1      | Reached skill level 3 in Long Blades
  1007 | D:2      | Reached XP level 3. HP: 15/19 MP: 4/4
  1170 | D:2      | Reached skill level 4 in Long Blades
  1170 | D:2      | Reached XP level 4. HP: 10/23 MP: 5/5
  1590 | D:2      | Noticed a bullfrog
  1604 | D:2      | Killed a bullfrog
  1604 | D:2      | Reached XP level 5. HP: 14/27 MP: 6/6
  1884 | D:2      | Found Gozag's Platinum Reserve.
  1889 | D:2      | Found an opulent altar of Gozag.
  1909 | D:2      | Reached ** piety under Trog
  2040 | D:2      | Reached skill level 5 in Long Blades
  2355 | D:2      | You fall into a shaft and drop 1 floor!
  2371 | D:3      | Noticed Terence
  2380 | D:3      | Killed Terence
  2831 | D:3      | HP: 1/27 [poisoned by an adder]
  2833 | D:3      | Succumbed to an adder's poison

Levels and vault maps discovered:
D:1:      sevenhm_arrival_forest_fort_small_3, layout_basic, st_stairs_7
D:2:      minmay_chambers_of_ones, layout_basic, nicolae_gozag_zags_fifth_avenue
D:3:      layout_loops_ring, uniq_terence, uniq_crazy_yiuf_cottage

Skill      XL: |  1  2  3  4  5 |
---------------+----------------+-----
Long Blades    | 3 4 5 |  5.5
Fighting       | |  2.4
Dodging        | |  4.4

Action                   |  1- 3 |  4- 6 || total
-------------------------+-------+-------++-------
Melee: Falchion          |    63 |   120 ||   183
Invok: Berserk           |     2 |     3 ||     5
 Stab: Sleeping          |     2 |     5 ||     7
  Eat: Ration            |       |     2 ||     2
Armor: Animal skin       |     2 |    10 ||    12
Dodge: Dodged            |    62 |   100 ||   162
       Rpst.: Falchion   |    19 |    32 ||    51

Table legend:
 A = Non-vault XP
 B = Vault XP
 C = Vault XP percentage of total XP
 D = Non-vault monster count
 E = Vault monster count
 F = Vault count percentage of total count
                 A         B        C        D         E       F
            +---------+---------+-------+---------+---------+-------
      Total |     302 |      52 |  14.7 |      49 |       7 |  12.5
            +---------+---------+-------+---------+---------+-------
        D:1 |      26 |       1 |   3.7 |      14 |       1 |   6.7
        D:2 |     234 |      15 |   6.0 |      25 |       5 |  16.7
        D:3 |      42 |      36 |  46.2 |      10 |       1 |   9.1
            +---------+---------+-------+---------+---------+-------
